 Dungeon Crawl Stone Soup version 0.27-a0-562-g0d39f094a4 (webtiles) character file.

Game seed: 17625071345320812359

150084 jasper the Ninja (level 16, -3/78 HPs)
             Began as a Spriggan Enchanter on Mar 8, 2021.
             Was the Champion of Dithmenos.
             Slain by a tarantella (13 damage)
             ... on level 3 of the Spider Nest.
             The game lasted 01:33:03 (42735 turns).

jasper the Ninja (Spriggan Enchanter)              Turns: 42735, Time: 01:33:04

Health: -3/78      AC:  6    Str:  3 (4)  XL:     16   Next: 98%
Magic:  14/26      EV: 29    Int: 20 (23) God:    Dithmenos [******]
Gold:   1015       SH:  0    Dex: 18      Spells: 5/27 levels left

rFire    + . .     SeeInvis +   Y - +8 quick blade (spect)
rCold    + + +     Faith    .   (shield restricted)
rNeg     . . .     Spirit   .   B - +0 steam dragon scales
rPois    +         Reflect  .   (helmet restricted)
rElec    .         Harm     .   E - +0 cloak
rCorr    +         Rampage  .   (gloves unavailable)
Will     +++..                  (boots unavailable) Stlth *********+
                                a - amulet of regeneration
HPRegen  1.23/turn              o - ring of Ikhloilo {rF+ Will+ rCorr Dex+4 Slay+3}
MPRegen  0.20/turn              f - ring of Zocwiy {*Slow rPois rC+++ EV+4}

@: lethally poisoned (-3 -> -13), wreathed by umbra, very quick
A: very small, unfitting armour, see invisible, clumsy 1, speed 3
a: Renounce Religion, Shadow Step, Shadow Form


You were on level 3 of the Spider Nest.
You worshipped Dithmenos.
Dithmenos was exalted by your worship.
You visited 4 branches of the dungeon, and saw 26 of its levels.
You also visited: Bailey and Ice Cave.

You collected 4204 gold pieces.
You spent 3189 gold pieces at shops.

Inventory:

Hand Weapons
 R - a +1 demon blade of freezing
 Y - a +8 spectral quick blade (weapon)
Missiles
 r - 53 boomerangs
 w - 6 throwing nets
 x - 20 curare-tipped darts
Armour
 B - +0 steam dragon scales (worn)
 E - a +0 cloak (worn)
 V - a +0 buckler
Jewellery
 a - an amulet of regeneration (around neck)
 f - the ring of Zocwiy (right hand) {*Slow rPois rC+++ EV+4}
   (You bought it in a shop on level 2 of the Orcish Mines)

   [ring of evasion]

   It affects your evasion (+4).
   It renders you almost immune to cold.
   It protects you from poison.
   It may slow you when you take damage.
 g - a ring of protection from fire
 j - an amulet of the acrobat
 n - a ring of positive energy
 o - the ring of Ikhloilo (left hand) {rF+ Will+ rCorr Dex+4 Slay+3}
   (You bought it in a shop on level 2 of the Orcish Mines)

   [ring of resist corrosion]

   It affects your dexterity (+4).
   It affects your accuracy and damage with ranged weapons and melee attacks
   (+3).
   It protects you from fire.
   It affects your willpower, your defense against some magical effects.
   It provides partial protection from all sources of acid and corrosion.
 t - a ring of protection from cold
 J - a ring of protection from cold
 M - an amulet of magic regeneration
 Q - a ring of willpower
 W - a ring of see invisible
 Z - a ring of resist corrosion
Wands
 y - a wand of charming (21)
 K - a wand of acid (3)
 L - a wand of digging (6)
 T - a wand of flame (19)
 U - a wand of paralysis (17)
 X - a wand of random effects (26)
Scrolls
 c - a scroll of magic mapping
 d - 5 scrolls of identify
 k - 4 scrolls of enchant armour
 p - 9 scrolls of teleportation
 A - a scroll of fear
 F - 4 scrolls of immolation
 G - a scroll of silence
 S - 2 scrolls of blinking
Potions
 b - 2 potions of cancellation
 e - 11 potions of mutation
 h - 5 potions of berserk rage
 m - 8 potions of attraction
 q - 5 potions of flight
 u - 12 potions of curing
 v - 4 potions of brilliance
 z - 7 potions of ambrosia
 C - 5 potions of lignification
 H - 3 potions of resistance
 I - 10 potions of degeneration
 N - 4 potions of might
 O - 3 potions of haste
 P - 3 potions of magic
Miscellaneous
 i - a condenser vane (inert)
 l - a tin of tremorstones (inert)


   Skills:
 - Level 6.2 Fighting
 - Level 8.0 Short Blades
 - Level 11.3 Dodging
 O Level 27 Stealth
 + Level 6.2 Shields
 - Level 6.0 Spellcasting
 - Level 12.5 Hexes
 - Level 1.0 Necromancy
 - Level 2.0 Translocations
 - Level 5.0 Ice Magic
 - Level 5.0 Air Magic
 - Level 12.0 Invocations


You had 5 spell levels left.
You knew the following spells:

 Your Spells              Type           Power      Damage    Failure   Level
a - Corona                Hex            60%        N/A       1%          1
b - Ensorcelled Hibernat  Hex/Ice        82%        N/A       1%          2
c - Confusing Touch       Hex            54%        N/A       1%          3
d - Tukima's Dance        Hex            54%        N/A       1%          3
e - Manifold Assault      Tloc           14%        N/A       41%         4
f - Animate Skeleton      Necr           20%        N/A       7%          1
g - Silence               Hex/Air        20%        N/A       8%          5
h - Blink                 Tloc           N/A        N/A       7%          2
j - Apportation           Tloc           28%        N/A       4%          1

Your spell library contained the following spells:

 Spells                   Type           Power      Damage    Failure   Level
 Freeze                   Ice            100%       1d11      1%          1
 Slow                     Hex            54%        N/A       1%          2
 Portal Projectile        Hex/Tloc       70%        N/A       1%          3
 Cause Fear               Hex            27%        N/A       1%          4
 Dazzling Flash           Conj/Hex       62%        N/A       2%          3
 Inner Flame              Hex/Fire       31%        N/A       2%          3
 Summon Guardian Golem    Hex/Summ       31%        N/A       2%          3
 Frozen Ramparts          Ice            52%        1d7       4%          3
 Ozocubu's Armour         Ice            26%        N/A       4%          3
 Pain                     Necr           40%        1d6       7%          1
 Fulminant Prism          Conj/Hex       15%        3d11      8%          4
 Leda's Liquefaction      Hex/Erth       15%        N/A       8%          4
 Magic Dart               Conj           24%        1d4       11%         1
 Sandblast                Erth           12%        2d6       11%         1
 Summon Small Mammal      Summ           24%        N/A       11%         1
 Gell's Gravitas          Tloc           7%         N/A       14%         3
 Call Imp                 Summ           6%         N/A       16%         2
 Searing Ray              Conj           12%        3d3       16%         2
 Mephitic Cloud           Conj/Pois/Air  12%        N/A       16%         3
 Vampiric Draining        Necr           5%         2d6       21%         3
 Summon Mana Viper        Hex/Summ       31%        N/A       22%         5
 Call Canine Familiar     Summ           6%         N/A       30%         3
 Conjure Flame            Conj/Fire      6%         6-21      30%         3
 Hailstorm                Conj/Ice       16%        3d6       36%         4
 Summon Ice Beast         Ice/Summ       16%        N/A       36%         4
 Summon Lightning Spire   Summ/Air       16%        N/A       36%         4
 Passage of Golubria      Tloc           N/A        N/A       41%         4
 Animate Dead             Necr           5%         N/A       56%         4
 Iskenderun's Mystic Bla  Conj/Tloc      10%        2d4       56%         4
 Petrify                  Tmut/Erth      6%         N/A       71%         4
 Agony                    Necr           10%        N/A       88%         5
 Borgnjor's Vile Clutch   Necr/Erth      4%         N/A       93%         5
 Irradiate                Conj/Tmut      3%         3d14      96%         5
 Dispersal                Tloc           7%         N/A       100%        6
 Hydra Form               Tmut           3%         N/A       100%        6
 Statue Form              Tmut/Erth      4%         N/A       100%        6
 Dragon Form              Tmut           3%         N/A       100%        7
 Disjunction              Tloc           7%         N/A       100%        8


Dungeon Overview and Level Annotations

Branches:
Dungeon (15/15)            Temple (0/1) D:5            Lair (6/6) D:11
 Shoals (0/4) Lair:2       Spider (3/4) Lair:2        Slime (0/5) Lair:6
    Orc (2/2) D:10            Elf (0/3) Orc:2        Vaults (0/5) D:13
 Depths (0/5) D:15         Bailey (visited)           IceCv (visited)

Altars:
Ashenzari
Cheibriados
Dithmenos
Fedhas
Kikubaaqudgha
Makhleb
Nemelex Xobeh
Okawaru
Qazlal
Ru
Sif Muna
Trog
Vehumet
Zin
Beogh
Jiyva

Shops:
D:7 (   D:15 *   Orc:1 ?   Orc:2 **[=(

Annotations:
D:4 3 runed translucent doors, indyram44's ghost, amateur GrGl
D:7 2 transporters, rednaxela's ghost, novice DEIE
Lair:1 3 runed translucent doors, foci's ghost, novice GrFi
Lair:6 1 runed translucent door
Orc:1 2 transporters, reasonance's ghost, journeyman GrBe


Innate Abilities, Weirdness & Mutations

You are very small and have problems with some larger weapons.
You are too small for most types of armour.
You have supernaturally acute eyesight. (SInv)
You cover ground extremely quickly. (Speed+++)
You are clumsy. (Dex -2)


Message History

The tarantella bites you!
* * * LOW HITPOINT WARNING * * *
You are confused.
The jumping spider completely misses you.
The jumping spider misses you.
You take 11 damage, and have 20/78 hp.
You're too confused to cast spells.
You're too confused to cast spells.
You feel better. The redback closely misses you.
The tarantella completely misses you.
The jumping spider completely misses you. x2
The redback completely misses you.
You regained 12 hp, and now have 32/78 hp.
Aiming: Ensorcelled Hibernation (safe; 1% risk of failure)
Press: ? - help, Q - select action, (/) - cycle Shift-Dir - straight line, f - jumping spider
Aim: a jumping spider (moderately wounded, umbra, chance to affect: 67%)
The jumping spider resists with significant effort.
The tarantella misses you. The jumping spider misses you. x2
The redback completely misses you. The tarantella completely misses you.
The jumping spider misses you. x2
You now have 16/26 mp.
Aiming: Ensorcelled Hibernation (safe; 1% risk of failure)
Press: ? - help, Q - select action, (/) - cycle Shift-Dir - straight line, f/p - jumping spider
Aim: a jumping spider (moderately wounded, umbra, chance to affect: 67%)
The jumping spider looks drowsy...
The redback bites you!
* * * LOW HITPOINT WARNING * * *
You emit a cloud of dark smoke.
The tarantella completely misses you. The redback bites you!
* * * LOW HITPOINT WARNING * * *
You are lethally poisoned!
The redback poisons you!
You take 23 damage, and have 10/78 hp.
MASSIVE DAMAGE!!
You now have 14/26 mp.
The helpless jumping spider fails to defend itself.
You spit the jumping spider like a pig!!!!!
You kill the jumping spider!
Dithmenos accepts your kill.
* * * LOW HITPOINT WARNING * * *
You feel sick. The tarantella bites you!
You die...

...# #.... #..# .... ...#
### ... ...# ##.### ..###
#### ##....### ....##
..#####.....#.####
##.....#
....##...##....#§###.....#
....#..)..##...§ss.^....#
....#...#^^###.§@§...####
....##..#..# #.§##.<..#
...######..# #####..^##
#### #.....# #...# .#
#....## ...## ^######..##
##..# ##.^.###.^# ####
..........# ......^.###


You could see a tarantella and a redback.

Vanquished Creatures
  Frances (Spider:1)
  A fire giant (D:15)
  Louise (Spider:2)
  2 orc warlords
  Nessos (Lair:4)
  2 entropy weavers
  A white draconian (IceCv)
  The ghost of BlueFish the Blocker, a journeyman FoFi of Makhleb (D:12)
  Josephine (Lair:6)
  Fannar (Lair:3)
  5 vault guards (D:13)
  2 ogre magi
  4 boulder beetles
  3 catoblepae
  A naga warrior (D:12)
  Erolcha (D:11)
  8 hydras
  11 two-headed ogres
  3 centaur warriors
  An anaconda (shapeshifter) (D:15)
  A death knight (D:12)
  3 orc high priests (Orc:2)
  5 death yaks
  2 tengu warriors (D:12)
  A deep elf knight (D:12)
  The ghost of Rennog the Cleaver, a novice DDWn of Makhleb (D:8)
  Sonja (Lair:2)
  2 unseen horrors (D:11)
  2 deep elf archers
  A wolf spider zombie (D:12)
  Pikel (D:5)
  3 deep elf zephyrmancers (D:10)
  4 orb spiders
  9 orc knights
  A deep elf pyromancer (D:10)
  5 orc sorcerers
  12 wolf spiders
  17 ugly things
  A moth of wrath (Spider:1)
  14 elephants
  2 cyclopes
  5 black mambas
  A torpor snail (Lair:5)
  3 gargoyles
  28 cane toads
  2 rime drakes
  Maggie (D:7)
  7 demonic crawlers
  2 efreet
  A rime drake (shapeshifter) (D:13)
  7 komodo dragons
  A kobold demonologist (D:14)
  2 ice devils (D:14)
  A queen bee (Spider:1)
  5 trolls
  24 jumping spiders
  A tengu conjurer (D:13)
  22 polar bears
  3 meliai (Spider:1)
  Prince Ribbit (D:8)
  4 hornets
  5 tyrant leeches (Lair:6)
  4 dream sheep (Lair:5)
  24 blink frogs
  4 slime creatures (D:14)
  A raiju (shapeshifter) (D:14)
  6 wraiths
  11 tarantellas
  A shadow (D:11)
  33 redbacks
  6 wyverns
  5 basilisks
  47 yaks
  6 vampire mosquitoes (Lair:6)
  Grum (Lair:1)
  A steam dragon (D:11)
  6 wargs
  An acid dragon (D:12)
  17 water moccasins
  43 orc warriors
  3 ice beasts
  2 sky beasts
  3 black bears
  2 eyes of draining (D:14)
  30 wolves
  9 ogres
  8 centaurs
  4 phantoms
  A lemure (D:5)
  35 bullfrogs
  9 kobold brigands
  10 gnoll sergeants
  A wyvern zombie (D:8)
  2 water moccasin zombies
  3 wyvern skeletons
  4 scorpions
  19 killer bees
  13 wights
  An electric eel (Lair:5)
  6 centaur zombies
  8 hounds
  2 bullfrog zombies
  6 gnoll shamans (Bailey)
  4 jellies
  24 orc priests
  Crazy Yiuf (D:7)
  4 bullfrog skeletons
  4 centaur skeletons
  Jessica (D:2)
  3 iguanas
  34 orc wizards
  10 worker ants
  Terence (D:2)
  A killer bee zombie (D:5)
  2 hound zombies
  A hound skeleton (D:6)
  A worker ant zombie (D:5)
  13 adders
  20 gnolls
  6 shadow imps
  A white imp (D:6)
  An ooze (D:3)
  An adder zombie (D:5)
  An adder skeleton (D:7)
  A worm (D:2)
  2 dart slugs
  4 leopard geckos
  104 orcs
  9 giant cockroaches
  10 goblins
  16 hobgoblins
  12 jackals
  30 kobolds
  4 quokkas
  8 bats
  3 frilled lizards
  A jackal skeleton (D:5)
  3 rats
1004 creatures vanquished.

Vanquished Creatures (collateral kills)
  2 killer bees (Spider:1)
2 creatures vanquished.

Vanquished Creatures (others)
  A rime drake (IceCv)
  A dancing weapon (D:12)
  A wolf (IceCv)
  A bush (Lair:6)
  4 fulminant prisms (Lair:5)
  34 fungi
  185 plants
227 creatures vanquished.

Grand Total: 1233 creatures vanquished

Notes
Turn   | Place    | Note
-------+----------+-------------------------------------------
     0 | D:1      | jasper the Spriggan Enchanter began the quest for the Orb.
     0 | D:1      | Reached XP level 1. HP: 9/9 MP: 5/5
   450 | D:1      | Reached XP level 2. HP: 7/13 MP: 3/6
   528 | D:1      | Learned a level 2 spell: Ensorcelled Hibernation
  1267 | D:1      | Reached skill level 5 in Stealth
  1572 | D:1      | Reached XP level 3. HP: 16/16 MP: 5/8
  1601 | D:1      | Learned a level 3 spell: Confusing Touch
  2782 | D:2      | Noticed Jessica
  2795 | D:2      | Killed Jessica
  2796 | D:2      | Reached XP level 4. HP: 21/21 MP: 6/9
  2895 | D:2      | Found a snail-covered altar of Cheibriados.
  2899 | D:2      | Reached skill level 6 in Stealth
  2936 | D:2      | Found a faded altar of an unknown god.
  3326 | D:2      | Noticed Terence
  3433 | D:2      | Killed Terence
  3434 | D:2      | Reached skill level 5 in Hexes
  3604 | D:3      | Noticed a bullfrog
  3606 | D:3      | Killed a bullfrog
  3607 | D:3      | Reached XP level 5. HP: 24/24 MP: 10/10
  3711 | D:3      | Reached skill level 7 in Stealth
  3751 | D:3      | Found a radiant altar of Vehumet.
  3821 | D:3      | Found a bloodstained altar of Trog.
  4225 | D:3      | Reached XP level 6. HP: 28/28 MP: 4/11
  4470 | D:3      | Found a sacrificial altar of Ru.
  4735 | D:4      | Found a stormy altar of Qazlal.
  4760 | D:3      | Learned a level 3 spell: Tukima's Dance
  5173 | D:4      | Reached skill level 8 in Stealth
  5990 | D:4      | Found a blossoming altar of Fedhas.
  6230 | D:4      | Reached skill level 5 in Dodging
  6422 | D:4      | Found a runed translucent gate.
  6422 | D:4      | Found a runed translucent gate.
  6422 | D:4      | Noticed indyram44's ghost (amateur GrGl)
  6431 | D:4      | Found a runed translucent gate.
  6463 | D:4      | Reached XP level 7. HP: 32/32 MP: 8/12
  6817 | D:4      | Found a shadowy altar of Dithmenos.
  6831 | D:4      | Became a worshipper of Dithmenos the Shadowed
  7123 | D:5      | Entered Level 5 of the Dungeon
  7211 | D:5      | Reached skill level 9 in Stealth
  7500 | D:5      | Found a staircase to the Ecumenical Temple.
  7500 | D:5      | Noticed Pikel
  7688 | D:5      | Killed Pikel
  7689 | D:5      | Reached skill level 10 in Stealth
  7689 | D:5      | Reached XP level 8. HP: 14/36 MP: 8/13
  7695 | D:5      | Learned a level 3 spell: Dazzling Flash
  8197 | D:5      | Found a blossoming altar of Fedhas.
  8505 | D:5      | Reached skill level 11 in Stealth
  8679 | D:5      | Learned a level 1 spell: Animate Skeleton
  8815 | D:5      | Reached * piety under Dithmenos
  9947 | D:6      | Reached skill level 12 in Stealth
  9947 | D:6      | Reached XP level 9. HP: 21/39 MP: 3/14
 10482 | D:6      | Found a broken altar of Ashenzari.
 10482 | D:6      | Found a shimmering blue altar of Sif Muna.
 10861 | D:7      | Found a transporter.
 10862 | D:7      | Found a transporter.
 10876 | D:7      | Noticed Maggie
 10992 | D:7      | Reached skill level 10 in Hexes
 11148 | D:7      | Killed Maggie
 11207 | D:7      | Reached ** piety under Dithmenos
 11208 | D:7      | Reached skill level 13 in Stealth
 11222 | D:7      | Found Dyrae's Antique Weapon Shop.
 11308 | D:7      | Found a runed translucent door.
 11309 | D:7      | Noticed Crazy Yiuf
 11375 | D:7      | Found an iron altar of Okawaru.
 11537 | D:7      | Identified the +1 buckler of the Frog {*Contam rPois Regen+
                  | MP+9}
 11561 | D:7      | Noticed rednaxela's ghost (novice DEIE)
 11706 | D:7      | Killed Crazy Yiuf
 11901 | D:8      | Noticed Prince Ribbit
 11909 | D:8      | Killed Prince Ribbit
 11912 | D:8      | Found a burning altar of Makhleb.
 11912 | D:8      | Found a glowing silver altar of Zin.
 11913 | D:8      | Noticed an angel
 11913 | D:8      | Noticed an Executioner
 12101 | D:8      | Found a sparkling altar of Nemelex Xobeh.
 12131 | D:8      | Found a flagged portal.
 12146 | Bailey   | Entered a bailey
 12187 | Bailey   | Reached *** piety under Dithmenos
 12189 | Bailey   | Reached skill level 14 in Stealth
 12328 | Bailey   | Reached XP level 10. HP: 44/44 MP: 7/15
 12748 | Bailey   | Reached skill level 1 in Ice Magic
 13231 | D:8      | Found a runed translucent door.
 13232 | D:8      | Noticed Rennog's ghost (novice DDWn)
 13237 | D:8      | Noticed a centaur warrior
 13265 | D:8      | Killed a centaur warrior
 13270 | D:8      | Killed Rennog's ghost
 13271 | D:8      | Reached skill level 15 in Stealth
 13599 | D:8      | Noticed a two-headed ogre
 13624 | D:8      | Killed a two-headed ogre
 13784 | D:8      | Reached skill level 10 in Dodging
 14516 | D:9      | Found an ancient bone altar of Kikubaaqudgha.
 14978 | D:10     | Entered Level 10 of the Dungeon
 14979 | D:10     | Reached **** piety under Dithmenos
 15004 | D:10     | Reached skill level 16 in Stealth
 15109 | D:9      | Reached XP level 11. HP: 37/47 MP: 13/16
 15332 | D:10     | Found a staircase to the Orcish Mines.
 15520 | D:10     | Reached skill level 5 in Ice Magic
 15742 | D:10     | Noticed a purple ugly thing
 15746 | D:10     | Killed a purple ugly thing
 15757 | D:10     | Noticed a deep elf zephyrmancer
 15775 | D:10     | Noticed a deep elf pyromancer
 15776 | D:10     | Killed a deep elf zephyrmancer
 15873 | D:10     | Killed a deep elf pyromancer
 15881 | D:10     | Identified the Tome of Sand
 15888 | D:10     | Identified the Handbook of Plaster Cramp
 15899 | D:10     | Noticed a two-headed ogre
 15904 | D:10     | Killed a two-headed ogre
 15905 | D:10     | Reached skill level 17 in Stealth
 15950 | D:10     | Noticed a deep elf zephyrmancer
 15951 | D:10     | Noticed a deep elf zephyrmancer
 15952 | D:10     | Killed a deep elf zephyrmancer
 15966 | D:10     | Killed a deep elf zephyrmancer
 15969 | D:10     | Identified Ts'ui Pên's Volume of Forking Paths
 16549 | D:11     | Noticed an unseen horror
 16556 | D:11     | Killed an unseen horror
 16665 | D:11     | Reached skill level 1 in Invocations
 16750 | D:11     | Noticed a two-headed ogre
 16756 | D:11     | Noticed a two-headed ogre
 16758 | D:11     | Killed a two-headed ogre
 16759 | D:11     | Reached skill level 1 in Fighting
 16761 | D:11     | Killed a two-headed ogre
 16762 | D:11     | Reached skill level 18 in Stealth
 16762 | D:11     | Reached XP level 12. HP: 45/53 MP: 8/17
 16762 | D:11     | Noticed Erolcha
 16766 | D:11     | Killed Erolcha
 16948 | D:11     | You fall into a shaft and drop 2 floors!
 17110 | D:13     | Noticed a boulder beetle
 17116 | D:13     | Killed a boulder beetle
 17150 | D:13     | Noticed a boulder beetle
 17155 | D:13     | Killed a boulder beetle
 17273 | D:13     | Reached skill level 5 in Short Blades
 17367 | D:13     | Noticed a vault guard
 17367 | D:13     | Noticed a vault guard
 17404 | D:12     | Noticed a two-headed ogre
 17407 | D:12     | Killed a two-headed ogre
 17532 | D:12     | Found a runed translucent gate.
 17532 | D:12     | Found a runed translucent gate.
 17532 | D:12     | Noticed a tengu warrior
 17533 | D:12     | Found a runed translucent gate.
 17533 | D:12     | Noticed a naga warrior
 17539 | D:12     | Noticed a centaur warrior
 17539 | D:12     | Noticed BlueFish's ghost (journeyman FoFi)
 17549 | D:12     | Noticed a tengu warrior
 17560 | D:12     | Found an iron altar of Okawaru.
 17576 | D:12     | Reached skill level 1 in Necromancy
 17930 | D:12     | Noticed a death knight
 17947 | D:12     | Killed a death knight
 18334 | D:11     | Reached skill level 19 in Stealth
 18340 | D:11     | Learned a level 5 spell: Silence
 18536 | D:11     | Found a staircase to the Lair.
 18958 | Lair:1   | Entered Level 1 of the Lair of Beasts
 18958 | Lair:1   | Found a burning altar of Makhleb.
 19602 | Lair:1   | You fall into a shaft and drop 1 floor!
 19607 | Lair:2   | Found a hole to the Spider Nest.
 19639 | Lair:1   | Reached skill level 5 in Spellcasting
 19769 | Lair:1   | You fall into a shaft and drop 1 floor!
 19814 | Lair:2   | Noticed Sonja
 19917 | Lair:2   | Killed Sonja
 20164 | Lair:1   | Noticed Grum
 20165 | Lair:1   | Killed Grum
 20166 | Lair:1   | Reached XP level 13. HP: 61/61 MP: 22/22
 20461 | Lair:1   | Found a runed translucent gate.
 20465 | Lair:1   | Found a runed translucent gate.
 20465 | Lair:1   | Noticed foci's ghost (novice GrFi)
 20466 | Lair:1   | Found a runed translucent gate.
 20466 | Lair:1   | Noticed a death ooze
 20468 | Lair:1   | Found a viscous altar of Jiyva.
 21093 | Lair:2   | Reached skill level 5 in Invocations
 21160 | Lair:2   | Reached skill level 20 in Stealth
 21458 | Lair:2   | Learned a level 2 spell: Blink
 21532 | Lair:2   | Found a staircase to the Shoals.
 21817 | Lair:3   | Reached skill level 1 in Translocations
 21935 | Lair:3   | Noticed Fannar
 22653 | Lair:3   | Identified a scroll of acquirement
 22653 | Lair:3   | Acquired a +5 quick blade
 22792 | Lair:3   | Reached skill level 1 in Air Magic
 23215 | Lair:4   | Noticed Nessos
 23220 | Lair:4   | Killed Nessos
 23221 | Lair:4   | Reached skill level 5 in Fighting
 23657 | Lair:4   | Reached skill level 21 in Stealth
 25562 | Lair:4   | Learned a level 4 spell: Fulminant Prism
 26205 | Lair:5   | Reached ***** piety under Dithmenos
 26472 | Lair:5   | Reached skill level 22 in Stealth
 26476 | Lair:5   | Reached XP level 14. HP: 70/70 MP: 16/24
 27455 | Lair:3   | Killed Fannar
 27587 | Orc:1    | Entered Level 1 of the Orcish Mines
 28069 | Orc:1    | Found a transporter.
 28077 | Orc:1    | Found a transporter.
 28077 | Orc:1    | Noticed reasonance's ghost (journeyman GrBe)
 28630 | Orc:1    | Found Akauchao's Magic Scroll Shoppe.
 28638 | Orc:1    | Bought a scroll of brand weapon for 280 gold pieces
 28816 | Orc:2    | Entered Level 2 of the Orcish Mines
 28816 | Orc:2    | Noticed an orc warlord
 29019 | Orc:1    | Killed an orc warlord
 29020 | Orc:1    | Reached skill level 5 in Air Magic
 29330 | Orc:2    | Found Xexkayckak's Mass Market.
 29489 | Orc:2    | Found a staircase to the Elven Halls.
 30251 | Orc:2    | Gained mutation: You are clumsy. (Dex -2) [a neqoxec]
 30645 | Orc:1    | Reached skill level 23 in Stealth
 31085 | Orc:2    | Noticed an orc warlord
 31717 | Orc:2    | Killed an orc warlord
 32103 | Orc:2    | Found Zuiras's General Store.
 32104 | Orc:2    | Found Lity's Jewellery Boutique.
 32106 | Orc:2    | Found Vajaodog's Antique Armour Boutique.
 32106 | Orc:2    | Found Saesomoa's Antique Weapon Shop.
 32111 | Orc:2    | Bought a scroll of acquirement for 676 gold pieces
 32112 | Orc:2    | Acquired 837 gold pieces
 32114 | Orc:2    | Bought the ring of Ikhloilo {rF+ Will+ rCorr Dex+4 Slay+3}
                  | for 969 gold pieces
 32334 | Lair:6   | Entered Level 6 of the Lair of Beasts
 32361 | Lair:6   | Found a runed translucent door.
 32362 | Lair:6   | Found a viscous altar of Jiyva.
 32364 | Lair:6   | Found a staircase to the Slime Pits.
 32490 | Lair:6   | Reached skill level 24 in Stealth
 32716 | Lair:6   | Reached ****** piety under Dithmenos
 33019 | Lair:6   | Reached XP level 15. HP: 73/73 MP: 13/25
 33288 | Lair:6   | Reached skill level 25 in Stealth
 33559 | Lair:6   | Noticed Josephine
 33697 | Lair:6   | Killed Josephine
 33826 | Lair:6   | Found the +13 scythe of Curses {drain, *Drain}
 33839 | Lair:6   | Identified the +0 longbow of Dissent {vorpal, *Corrode +Inv
                  | Str+3 Stlth+}
 34252 | Orc:2    | Bought the ring of Zocwiy {*Slow rPois rC+++ EV+4} for 1225
                  | gold pieces
 34892 | D:12     | Identified the +5 robe of the Will of the Gods {rC+}
 35084 | D:12     | Killed BlueFish's ghost
 35085 | D:12     | Reached skill level 26 in Stealth
 35128 | D:12     | Identified the +2 robe of Charity {Str+5 Int-2}
 35578 | D:13     | Found a gate to the Vaults.
 35843 | D:14     | Reached skill level 27 in Stealth
 36006 | D:14     | Found a frozen archway.
 36045 | IceCv    | Entered an ice cave
 36387 | IceCv    | Identified the +0 cloak "Oseupyn" {rElec rF+ Dex-5}
 37033 | IceCv    | Learned a level 1 spell: Apportation
 37583 | D:14     | Reached XP level 16. HP: 78/78 MP: 23/26
 37945 | D:15     | Entered Level 15 of the Dungeon
 38071 | D:15     | Learned a level 4 spell: Manifold Assault
 38293 | D:15     | Found a staircase to the Depths.
 38370 | D:15     | Reached skill level 10 in Invocations
 38888 | D:15     | Found Seumej's General Store.
 38962 | D:15     | Bought a potion of curing for 39 gold pieces
 39572 | Spider:1 | Entered Level 1 of the Spider Nest
 39920 | Spider:1 | Reached skill level 1 in Shields
 40479 | Spider:1 | Noticed Frances
 40483 | Spider:1 | Killed Frances
 41181 | Spider:2 | Noticed Louise
 41420 | Spider:2 | Reached skill level 5 in Shields
 41684 | Spider:2 | Killed Louise
 42735 | Spider:3 | Slain by a tarantella

Illustrated notes

Levels and vault maps discovered:
D:1:      dpeg_arrival_simpleton_a, layout_basic
D:2:      layout_rooms, chequers_ecumenical_altar_island, roderic_roman_lattice,
          cheibriados_altar_1, uniq_terence, uniq_jessica
D:3:      layout_rooms, nicolae_ru_path_of_blood, marbit_many_paths, trog_book
D:4:      layout_gridville, grunt_temple_overflow_forces_of_nature,
          grunt_dithmenos_shadows, gammafunk_ghost_split,
          minmay_misc_feat_square, lightli_corner_chamber
D:5:      layout_loops_ring, minmay_temple_entry_glass, basic_altar,
          kennysheep_decorative_pillar, uniq_pikel
D:6:      layout_loops_corners, gammafunk_temple_overflow_pools
D:7:      layout_rooms, okawaru_altar_gauntlet_db, serial_shops,
          nicolae_shop_statue_plus, gammafunk_ghost_gnarly_gnolls,
          uniq_crazy_yiuf_cottage, uniq_maggie
D:8:      layout_rooms, grunt_temple_overflow_order_and_chaos_2,
          nemelex_altar_shiori, ebering_ghost_inner_flame, enter_bailey_1,
          uniq_prince_ribbit1
D:9:      layout_long_grid, kiku_gazebo_pond_becter, st_stairs_12
D:10:     layout_loops_ring, kennysheep_orc_monster_closet_entryway,
          bh_hangedman_babel_library
D:11:     layout_roguey, lair_entry_dummy, grunt_ministairs_10, minivault_25_ag,
          uniq_erolcha
D:12:     layout_basic, gauntlet_entry_generic, gammafunk_ghost_fury_of_okawaru
D:13:     layout_irregular_city, grunt_vaults_entry_fortified
D:14:     layout_irregular_city, grunt_decor_junction,
          portal_ice_cave_demonic_guard
D:15:     grunt_enter_depths_giant_problem, layout_basic, serial_park_tiny_1,
          serial_shops, nicolae_shop_window_shopping, minmay_door_square,
          minmay_circle_x
Lair:1:   layout_layer_cave, gammafunk_ghost_ooze, amcnicky_altar_gilded,
          grunt_megastairs_5, uniq_grum
Lair:2:   layout_chaotic_city, shoals_dummy_entry, spider_nest_entry_a,
          grunt_megastairs_4, lemuel_fruit_tree, infiniplex_staircase_pool_2,
          lemuel_fruit_fields, uniq_sonja
Lair:3:   layout_cave_shapes, uniq_fannar
Lair:4:   layout_cave_shapes, lemuel_fruit_fields, uniq_nessos
Lair:5:   layout_small_grid, nicolae_lair_yak_garden, serial_bayou_shore_a
Lair:6:   minmay_lair_end_frog_pond, layout_concentric_octagons, slime_altar_2,
          lemuel_fruit_fields, lemuel_fruit_fields, uniq_josephine
Spider:1: layout_chambers, special_room [special_room_bee], uniq_frances
Spider:2: layout_spider_delve, uniq_louise
Spider:3: layout_spider_delve
Orc:1:    layout_caves, serial_shops, nicolae_shop_behind_doors,
          gammafunk_ghost_arena, lemuel_statue_altar
Orc:2:    st_orc_congregation, layout_caves, minmay_shop_mass

Skill      XL: |  1  2  3  4  5  6  7  8  9 10 11 12 13 14 15 16 |
---------------+-------------------------------------------------+-----
Dodging        | 3 4 5 6 7 8 10 11 | 11.3
Hexes          | 4 5 6 8 9 11 12 | 12.5
Stealth        | 5 6 7 8 10 12 14 16 18 19 22 24 27 | 27.0
Spellcasting   | 3 5 6 |  6.0
Ice Magic      | 4 5 |  5.0
Short Blades   | 4 5 8 |  8.0
Invocations    | 1 4 5 8 12 | 12.0
Fighting       | 1 3 6 |  6.2
Necromancy     | 1 |  1.0
Translocations | 2 |  2.0
Air Magic      | 4 5 |  5.0
Shields        | 6 |  6.2

Action                   |  1- 3 |  4- 6 |  7- 9 | 10-12 | 13-15 | 16-18 || total
-------------------------+-------+-------+-------+-------+-------+-------++-------
Melee: Dagger            |    99 |   121 |   266 |   528 |    42 |       ||  1056
       Quick blade       |       |       |       |       |  1328 |   368 ||  1696
 Cast: Corona            |    10 |     1 |       |       |       |       ||    11
       Ensorcelled Hiber |    44 |    78 |    71 |   154 |   330 |   112 ||   789
       Confusing Touch   |       |     1 |    26 |    34 |    55 |    19 ||   135
       Dazzling Flash    |       |       |       |     4 |    34 |       ||    38
       Tukima's Dance    |       |       |       |     3 |     4 |     2 ||     9
       Fulminant Prism   |       |       |       |       |     4 |       ||     4
       Silence           |       |       |       |       |     1 |       ||     1
       Manifold Assault  |       |       |       |       |       |     1 ||     1
Invok: Shadow Step       |       |       |       |     8 |     6 |     2 ||    16
Evoke: Wand              |       |       |     7 |    10 |    19 |     2 ||    38
       Condenser vane    |       |       |       |       |     2 |     7 ||     9
       Tin of tremorston |       |       |       |       |       |     3 ||     3
  Use: Scroll            |       |     7 |     4 |     3 |    18 |     3 ||    35
       Potion            |       |     2 |       |     4 |     2 |     4 ||    12
 Stab: Sleeping          |    25 |    45 |    68 |   140 |   254 |   110 ||   642
       Confused          |       |     1 |    24 |    37 |    67 |    25 ||   154
       Invisible         |       |       |       |       |    14 |       ||    14
       Distracted        |       |       |       |       |    20 |     6 ||    26
Armor: Robe              |     8 |    13 |    10 |       |       |       ||    31
       Skin              |       |    34 |       |       |       |       ||    34
       Steam dragon scal |       |       |     7 |    40 |    98 |    31 ||   176
Dodge: Dodged            |    83 |    98 |   250 |   372 |  1024 |   513 ||  2340

Table legend: (Time is in decaauts)
 A = Elapsed time spent in this place.
 B = Non-inter-level travel time spent in this place.
 C = Inter-level travel time spent in this place.
 D = Time resting spent in this place.
 E = Time spent auto-exploring this place.
 F = Levels seen in this place.
 G = Mean time per level.
                   A        B        C        D        E       F      G
               +--------+--------+--------+--------+--------+-----+--------+
         Total |  33364 |  31774 |   1590 |  10355 |  14847 |  28 | 1191.6 |
       Dungeon |  17768 |  16921 |    847 |   4780 |   8801 |  15 | 1184.5 |
          Lair |   8493 |   7888 |    605 |   2501 |   3766 |   6 | 1415.5 |
   Spider Nest |   2208 |   2182 |     26 |    752 |    943 |   3 |  736.0 |
  Orcish Mines |   3330 |   3220 |    110 |   1611 |    983 |   2 | 1665.0 |
        Bailey |    872 |    872 |      0 |    426 |    261 |   1 |  872.0 |
      Ice Cave |    691 |    691 |      0 |    282 |     91 |   1 |  691.0 |
               +--------+--------+--------+--------+--------+-----+--------+

Top non-repeatable levels by time:
   Orc:1: 2298 daAuts
  Lair:5: 2050 daAuts
     D:1: 1888 daAuts
     D:5: 1700 daAuts
Spider:1: 1599 daAuts
  Lair:3: 1570 daAuts
     D:2: 1447 daAuts
     D:4: 1386 daAuts
  Lair:4: 1370 daAuts
    D:11: 1366 daAuts
  Lair:1: 1323 daAuts
    D:10: 1275 daAuts
     D:6: 1211 daAuts
     D:3: 1205 daAuts
  Lair:2: 1157 daAuts
